 Dungeon Crawl Stone Soup version 0.18.1-50-g88ac8fd (webtiles) character file.

22570 Monkfish the Unseen (level 13, -2/82 HPs)
             Began as a Kobold Berserker on Oct 23, 2016.
             Was an Elder of Trog.
             Slain by an orc knight
             ... wielding a +0 dire flail
              (23 damage)
             ... on level 2 of the Orcish Mines.
             The game lasted 00:48:23 (14746 turns).

Monkfish the Unseen (Kobold Berserker)             Turns: 14746, Time: 00:48:23

Health: -2/82      AC:  8    Str: 17    XL:     13   Next: 28%
Magic:  13/13      EV: 26    Int:  5    God:    Trog [****..]
Gold:   1317       SH:  0    Dex: 19    Spells: 0 memorised, 12 levels left

rFire  . . .     SeeInvis .     h - +5 dagger (venom)
rCold  + . .     Gourm    .     x - +1 troll leather armour
rNeg   . . .     Faith    .     (shield restricted)
rPois  .         Spirit   .     q - +0 helmet
rElec  .         Dismiss  .     g - +0 cloak
rCorr  .         Reflect  .     F - +0 pair of gloves
SustAt .         Harm     +     (no boots)
MR     ++...                    B - amulet of harm
Stlth  ++++++++..               (no ring)
                                d - ring of protection from cold

@: exhausted, regenerating, slowed, very slow, very resistant to hostile
enchantments, extraordinarily stealthy
A: carnivore 3
a: Berserk, Trog's Hand, Brothers in Arms, Burn Spellbooks, Renounce Religion


You were on level 2 of the Orcish Mines.
You worshipped Trog.
Trog was greatly pleased with you.
You were near starving.

You visited 4 branches of the dungeon, and saw 17 of its levels.
You also visited: Ice Cave and Volcano.

You collected 1317 gold pieces.

Inventory:

Hand Weapons
 h - a +5 dagger of venom (weapon)
 n - a +2 dagger of electrocution
Missiles
 a - 7 curare-tipped needles
Armour
 g - a +0 cloak (worn)
 q - a +0 helmet (worn)
 x - a +1 troll leather armour (worn)
 F - a +0 pair of gloves (worn)
Jewellery
 d - a ring of protection from cold (left hand)
 B - an amulet of harm (around neck)
Wands
 b - a wand of paralysis (3/24)
 f - a wand of disintegration (8/24)
 E - a wand of lightning (8/15)
 G - a wand of slowing (9/48)
Scrolls
 e - 5 scrolls of remove curse
 l - 3 scrolls of recharging
 o - a scroll of identify
 r - 3 scrolls of fog
 s - 2 scrolls of fear
 u - 4 scrolls of teleportation
 C - 3 scrolls of blinking
Potions
 i - a potion of cure mutation
 k - 2 potions of agility
 m - 3 potions of magic
 p - 6 potions of curing
 t - a potion of cancellation
 z - 3 potions of mutation
 A - a potion of haste
 D - a potion of brilliance
Comestibles
 c - 3 meat rations
 j - 5 beef jerkies
 v - 11 royal jellies


   Skills:
 - Level 10.0 Fighting
 - Level 10.0 Short Blades
 - Level 1.5 Armour
 * Level 12.9 Dodging
 + Level 19.1 Stealth
 + Level 0.2 Evocations


You had 12 spell levels left.
You didn't know any spells.

Dungeon Overview and Level Annotations

Branches:
Dungeon (12/15)            Temple (1/1) D:7            Lair (2/8) D:10
    Orc (2/2) D:12            Elf (0/3) Orc:2

Altars:
Ashenzari
Cheibriados
Dithmenos
Elyvilon
Fedhas
Gozag
Kikubaaqudgha
Makhleb
Nemelex Xobeh
Okawaru
Pakellas
Qazlal
Ru
Sif Muna
Trog
Vehumet
Xom
Yredelemnul
Zin
The Shining One

Shops:
D:5 [   D:10 %   Orc:1 %

Annotations:
D:10 exclusions: killer bee and wraith
Lair:2 exclusions: giant frog and hydra, Harold


Innate Abilities, Weirdness & Mutations

You are small and have problems with some larger weapons.
You are carnivorous and can eat meat at any time.


Message History

You feel yourself slow down.
You are feeling very hungry.
The orc warrior no longer looks unusually strong.
The orc warrior looks more healthy.
Drink which item? (? for menu, Esc to quit)
You feel much better. The orc warrior misses you.
The orc warrior completely misses you. The orc knight completely misses you.
You fail to use your ability.
The orc warrior misses you.
The orc knight hits you with a dire flail!
The orc knight roars a battlecry!
The orc warrior goes into a battle-frenzy!
The orc knight misses you.
You are near starving!
The orc warrior hits you from afar with a trident!
* * * LOW HITPOINT WARNING * * *
The orc knight completely misses you.
Your polar bear goes berserk!
You feel somewhat more hungry. The orc warrior misses you.
The orc knight hits you with a dire flail!!
You die...

#.....#...####
.....##..#.#.##
....##........####
....# .......##.##
...### #.#........#
...#.###)........#
........)........#
........†......h.##
................@.#
..............$.o##
................o.#
..................#
............$..$..#
...........).....##
........).....#
..............#
.....$........#


You could see an orc knight, an orc warrior and a friendly polar bear (berserk).

Vanquished Creatures
  Maud (Orc:1)
  The ghost of Monkfish the Tortoise, a journeyman MiBe of Trog (D:12)
  2 hydras
  3 hill giants
  A cyclops (D:12)
  The ghost of simples the Chopper, a novice MiBe of Trog (D:7)
  A rime drake (Lair:1)
  2 komodo dragons
  5 freezing wraiths (IceCv)
  4 trolls
  2 two-headed ogres (D:10)
  A wolf spider simulacrum (IceCv)
  3 blink frogs (Lair:1)
  A shadow (D:12)
  20 yaks
  Grum (D:8)
  2 hippogriffs
  2 hungry ghosts
  2 soldier ants (D:10)
  Menkaure (D:7)
  A water moccasin (D:8)
  4 sky beasts
  2 black bears (D:7)
  7 ice beasts
  12 orc warriors
  A wasp (D:10)
  13 wolves
  8 ogres
  3 centaurs
  2 big kobolds
  3 crocodiles
  8 giant frogs
  A wyvern skeleton (D:6)
  3 scorpions
  6 killer bees (D:7)
  10 wights
  A giant frog zombie (D:7)
  5 crimson imps
  2 centaur zombies (D:8)
  4 jellies
  10 orc priests
  3 hounds
  18 orc wizards
  3 giant frog skeletons
  12 worker ants
  4 iguanas
  A wolf simulacrum (IceCv)
  A hound skeleton (D:5)
  A howler monkey zombie (D:8)
  A worker ant zombie (D:11)
  3 gnolls (D:3)
  18 adders
  22 river rats
  15 white imps
  An ooze (D:1)
  An adder zombie (D:6)
  An adder skeleton (D:7)
  2 worms
  6 dart slugs
  9 giant geckos
  48 orcs
  A ball python (D:1)
  5 giant cockroaches
  3 goblins
  8 hobgoblins
  17 jackals
  2 ball python skeletons
  6 bats
  A giant gecko skeleton (D:5)
  5 giant newts
  A jackal skeleton (D:5)
  11 kobolds
  A quokka zombie (D:5)
  5 rats
  A plant (D:10)
399 creatures vanquished.

Vanquished Creatures (collateral kills)
  Joseph (D:7)
  2 death yak simulacra (IceCv)
  An orc warrior (D:7)
  A scorpion (D:7)
  An orc wizard (D:7)
  2 white imps (D:11)
  An orc (D:7)
  A quokka (D:7)
10 creatures vanquished.

Vanquished Creatures (others)
  An orc (D:7)
  A hobgoblin (D:1)
  A giant newt (D:1)
3 creatures vanquished.

Grand Total: 412 creatures vanquished

Notes
Turn   | Place    | Note
--------------------------------------------------------------
     0 | D:1      | Monkfish the Kobold Berserker began the quest for the Orb.
     0 | D:1      | Reached XP level 1. HP: 14/14 MP: 1/1
    81 | D:1      | Reached skill level 1 in Stealth
   104 | D:1      | Reached XP level 2. HP: 5/19 MP: 2/2
   636 | D:1      | Reached XP level 3. HP: 24/24 MP: 3/3
   642 | D:1      | Reached ** piety under Trog
   688 | D:1      | Reached skill level 2 in Stealth
   807 | D:2      | Reached XP level 4. HP: 27/29 MP: 4/4
   826 | D:2      | Found a faded altar to an unknown god.
   880 | D:2      | Reached skill level 5 in Short Blades
  1034 | D:2      | Reached skill level 3 in Stealth
  1311 | D:3      | Reached XP level 5. HP: 34/34 MP: 5/5
  1475 | D:3      | Reached *** piety under Trog
  2135 | D:4      | Noticed an ogre
  2177 | D:4      | Found a shadowy altar of Dithmenos.
  2204 | D:4      | Reached skill level 4 in Stealth
  2278 | D:4      | Reached XP level 6. HP: 40/40 MP: 6/6
  2340 | D:4      | Reached skill level 5 in Stealth
  2904 | D:4      | Noticed a phantom
  3043 | D:5      | Entered Level 5 of the Dungeon
  3101 | D:5      | Reached skill level 5 in Fighting
  3103 | D:5      | Reached XP level 7. HP: 44/44 MP: 7/7
  3108 | D:5      | Reached skill level 6 in Stealth
  3141 | D:5      | HP: 2/44 [orc wizard/magic dart (6)]
  3220 | D:5      | Found Asiluty's Antique Armour Shop.
  3235 | D:5      | Got an ichor-stained scale mail
  3238 | D:5      | Identified the cursed +0 scale mail "Beh Usoh" {rElec} (You found it on level 5 of the Dungeon)
  3314 | D:5      | Reached skill level 7 in Stealth
  3523 | D:5      | Reached **** piety under Trog
  3525 | D:5      | Reached skill level 8 in Stealth
  3617 | D:5      | Found a burning altar of Makhleb.
  3618 | D:5      | Found a shimmering altar of Xom.
  3629 | D:5      | Reached XP level 8. HP: 49/50 MP: 8/8
  4060 | D:6      | Reached skill level 9 in Stealth
  4531 | D:6      | Reached skill level 10 in Stealth
  4964 | D:7      | Found a staircase to the Ecumenical Temple.
  5051 | D:7      | Noticed Menkaure
  5060 | D:7      | Killed Menkaure
  5060 | D:7      | Reached skill level 11 in Stealth
  5060 | D:7      | Reached XP level 9. HP: 15/55 MP: 9/9
  5403 | Temple   | Entered the Ecumenical Temple
  5718 | D:7      | Noticed simples's ghost (novice MiBe)
  5906 | D:7      | Killed simples's ghost
  5906 | D:7      | Reached skill level 12 in Stealth
  6171 | D:7      | Found a bloodstained altar of Trog.
  6179 | D:7      | Reached skill level 13 in Stealth
  6435 | D:8      | Reached XP level 10. HP: 34/63 MP: 10/10
  6665 | D:8      | Reached skill level 14 in Stealth
  6763 | D:8      | Noticed Grum
  6766 | D:8      | Found a stormy altar of Qazlal.
  6783 | D:8      | Killed Grum
  7017 | D:8      | Found a radiant altar of Vehumet.
  7020 | D:8      | Found a glowing silver altar of Zin.
  7020 | D:8      | Found a deep blue altar of Sif Muna.
  7138 | D:8      | Reached skill level 15 in Stealth
  7843 | D:7      | Noticed Joseph
  7852 | D:7      | Killed Joseph
  8183 | D:9      | Found a shattered altar of Ashenzari.
  8188 | D:9      | Found a sparkling altar of Nemelex Xobeh.
  8189 | D:9      | Found an ancient bone altar of Kikubaaqudgha.
  8261 | D:9      | Reached skill level 10 in Short Blades
  8261 | D:9      | Reached skill level 16 in Stealth
  8391 | D:9      | Reached XP level 11. HP: 67/68 MP: 11/11
  8897 | D:10     | Entered Level 10 of the Dungeon
  9318 | D:10     | Found Unorof's Food Boutique.
  9356 | D:10     | Noticed a hill giant
  9373 | D:10     | Killed a hill giant
  9373 | D:10     | Reached skill level 5 in Dodging
  9423 | D:10     | Found a staircase to the Lair.
  9481 | D:10     | Reached skill level 17 in Stealth
  9659 | D:10     | Noticed a hill giant
  9690 | D:10     | Killed a hill giant
 10134 | Lair:1   | Entered Level 1 of the Lair of Beasts
 10270 | Lair:1   | Noticed a seven-headed hydra
 10273 | Lair:1   | Killed a seven-headed hydra
 10273 | Lair:1   | Reached XP level 12. HP: 76/76 MP: 12/12
 10371 | Lair:1   | Reached ***** piety under Trog
 10460 | Lair:1   | Found a dark tunnel.
 10543 | Volcano  | Entered a volcano
 10595 | Lair:1   | Reached skill level 18 in Stealth
 11289 | Lair:2   | Noticed Harold
 11489 | Lair:2   | Noticed a seven-headed hydra
 11960 | D:11     | Found a frozen archway.
 12069 | IceCv    | Entered an ice cave
 12081 | IceCv    | Reached skill level 10 in Dodging
 12761 | D:11     | Noticed a seven-headed hydra
 12763 | D:11     | Killed a seven-headed hydra
 13501 | D:12     | Noticed Monkfish's ghost (journeyman MiBe)
 13553 | D:12     | Killed Monkfish's ghost
 13553 | D:12     | Reached XP level 13. HP: 44/82 MP: 0/13
 13810 | D:12     | Found a staircase to the Orcish Mines.
 14081 | D:12     | Reached skill level 10 in Fighting
 14174 | Orc:1    | Entered Level 1 of the Orcish Mines
 14243 | Orc:1    | Found Cividghia's Food Boutique.
 14368 | Orc:1    | Noticed Maud
 14388 | Orc:1    | Killed Maud
 14557 | Orc:2    | Entered Level 2 of the Orcish Mines
 14584 | Orc:2    | Reached skill level 19 in Stealth
 14601 | Orc:2    | Found a staircase to the Elven Halls.
 14737 | Orc:2    | HP: 5/123 [orc knight/dire flail (35)]
 14746 | Orc:2    | Slain by an orc knight

Skill      XL: |  1  2  3  4  5  6  7  8  9 10 11 12 13 |
---------------+----------------------------------------+-----
Stealth        | 1 2 3 4 5 8 11 13 16 17 18 19 | 19.1
Fighting       | 4 5 6 7 8 9 10 | 10.0
Short Blades   | 5 6 7 8 10 | 10.0
Dodging        | 7 12 | 12.9
Armour         | |  1.5
Evocations     | |  0.2

Action                   |  1- 3 |  4- 6 |  7- 9 | 10-12 | 13-15 || total
-------------------------+-------+-------+-------+-------+-------++-------
Melee: Short sword       |    93 |       |       |       |       ||    93
       Dagger            |       |   156 |   298 |   862 |   136 ||  1452
Invok: Berserk           |     1 |     3 |     9 |    17 |     2 ||    32
       Burn Spellbooks   |       |     1 |       |     1 |       ||     2
       Trog's Hand       |       |     1 |     5 |    19 |     3 ||    28
       Brothers in Arms  |       |       |       |     4 |     1 ||     5
Evoke: Wand              |       |       |     2 |    19 |     1 ||    22
  Use: Scroll            |     5 |     8 |     8 |    17 |     1 ||    39
       Potion            |     1 |     4 |     1 |     3 |     1 ||    10
 Stab: Sleeping          |     2 |     8 |    16 |    37 |    16 ||    79
       Distracted        |       |     1 |     1 |     7 |       ||     9
       Paralysed         |       |       |       |     4 |       ||     4
  Eat: Chunk             |     5 |     9 |    19 |    42 |       ||    75
       Meat ration       |       |       |     1 |     4 |       ||     5
Armor: Animal skin       |    11 |       |       |       |       ||    11
       Leather armour    |    19 |    22 |     8 |       |       ||    49
       Skin              |       |       |     1 |       |       ||     1
       Scale mail        |       |       |    10 |       |       ||    10
       Ring mail         |       |       |    24 |    57 |       ||    81
       Troll leather arm |       |       |       |    30 |    12 ||    42
Dodge: Dodged            |    81 |    90 |   123 |   485 |    64 ||   843
